 Dungeon Crawl Stone Soup version 0.21.1-1-g345015f (webtiles) character file.

109 Solrac the Shield-Bearer (level 4, 0/41 HPs)
             Began as a Minotaur Fighter on Feb 17, 2018.
             Succumbed to Crazy Yiuf's poison
             ... on level 2 of the Dungeon.
             The game lasted 00:11:14 (1857 turns).

Solrac the Shield-Bearer (Minotaur Fighter)         Turns: 1857, Time: 00:11:14

Health: 0/41       AC:  8    Str: 22    XL:     4   Next: 59%
Magic:  3/3        EV:  8    Int:  5    God:
Gold:   42         SH:  9    Dex:  9    Spells: 3/3 levels left

rFire    . . .     SeeInvis .   a - +0 long sword
rCold    . . .     Gourm    .   c - +0 shield
rNeg     . . .     Faith    .   b - +0 scale mail
rPois    .         Spirit   .   (helmet restricted)
rElec    .         Reflect  .   (no cloak)
rCorr    .         Harm     .   g - +0 pair of gloves
MR       .....                  (no boots)
Stlth    ..........             h - amulet of magic regeneration
HPRegen  0.13/turn              (no ring)
MPRegen  0.33/turn              (no ring)

@: lethally poisoned (0 -> -1)
A: retaliatory headbutt, horns 2
a: no special abilities


You were on level 2 of the Dungeon.
You were not hungry.

You visited 1 branch of the dungeon, and saw 2 of its levels.

You collected 42 gold pieces.

Inventory:

Hand Weapons
 a - a +0 long sword (weapon)
 m - a +3 dagger
 n - a cursed -2 hand axe
 q - a +0 hunting sling
Missiles
 e - 68 stones (quivered)
 j - 18 arrows
Armour
 b - a +0 scale mail (worn)
 c - a +0 shield (worn)
 g - a +0 pair of gloves (worn)
Jewellery
 h - an amulet of magic regeneration (around neck)
Scrolls
 k - a scroll of identify
 l - a scroll of remove curse
 r - a scroll of fear {unknown}
Potions
 d - a potion of might
 p - 2 potions of flight
Comestibles
 f - 6 rations
 o - 8 chunks of flesh


   Skills:
 + Level 4.3 Fighting
 + Level 3.7 Long Blades
 + Level 4.4 Armour
 + Level 0.7 Dodging
 + Level 4.4 Shields


You had 3 spell levels left.
You didn't know any spells.

Dungeon Overview and Level Annotations

Branches:
Dungeon (2/15)

Altars:


Innate Abilities, Weirdness & Mutations

You reflexively headbutt those who attack you in melee.
You have a pair of horns on your head.


Message History

You feel sick.
You feel sick.
You start resting.
Something hits you.
* * * LOW HITPOINT WARNING * * *
Something burns you.
* * * LOW HITPOINT WARNING * * *
Okay, then.
* * * LOW HITPOINT WARNING * * *
You feel sick.
* * * LOW HITPOINT WARNING * * *
You feel sick.
* * * LOW HITPOINT WARNING * * *
You feel sick. You block something's attack.
Crazy Yiuf appears from thin air!
Reactivating autopickup.
* * * LOW HITPOINT WARNING * * *
You feel sick.
You hit Crazy Yiuf.
You kill Crazy Yiuf!
You die...

##...#####.#####
♣P.♣..#..
#..........#
##...##..
##..######.#
######.. #....# #.#
#.. ♣....♣ #.# ###
♣♣...♣ #.# **,,
♣♣.♣♣ #.# ***,,*
♣♣.♣ **#)# *_,,**
♣.♣♣ *,#@# *****
***,,* ♣♣.♣ *,#.#
*,,,********,, ♣.♣♣
*,..# *,,,,,,,,,,***
##'##
*.###**,,,,********,
#...#
#.,,,,,,,,,,,,,,,,..
#...#
#,,,,,,,,,,,,*****#.
#)..# *********,,,**
#. ##### **,** #.
*** #.


There were no monsters in sight!

Vanquished Creatures
  Crazy Yiuf (D:2)
  Jessica (D:2)
  2 worms (D:2)
  A dart slug (D:2)
  3 leopard geckos
  A giant cockroach (D:2)
  3 goblins
  3 hobgoblins
  9 jackals
  6 bats
  4 frilled lizards
  4 kobolds
  4 rats
  A bush (D:2)
43 creatures vanquished.

Notes
Turn   | Place    | Note
-------+----------+-------------------------------------------
     0 | D:1      | Solrac the Minotaur Fighter began the quest for the Orb.
     0 | D:1      | Reached XP level 1. HP: 19/19 MP: 0/0
   278 | D:1      | Reached XP level 2. HP: 24/27 MP: 1/1
  1062 | D:2      | Reached XP level 3. HP: 33/33 MP: 2/2
  1179 | D:2      | Noticed Jessica
  1185 | D:2      | Killed Jessica
  1690 | D:2      | Reached XP level 4. HP: 38/40 MP: 3/3
  1815 | D:2      | Found a runed door.
  1819 | D:2      | Noticed Crazy Yiuf
  1844 | D:2      | HP: 2/40 [poisoned by Crazy Yiuf]
  1850 | D:2      | HP: 1/40 [poisoned by Crazy Yiuf]
  1857 | D:2      | Killed Crazy Yiuf
  1857 | D:2      | Succumbed to Crazy Yiuf's poison

Skill      XL: |  1  2  3 |
---------------+----------+-----
Armour         | 4 |  4.4
Fighting       | 4 |  4.3
Shields        | 4 |  4.4
Long Blades    | 3 |  3.7
Dodging        | |  0.7

Action                   |  1- 3 |  4- 6 || total
-------------------------+-------+-------++-------
Melee: Long sword        |   153 |    27 ||   180
       Headbutt          |    43 |     4 ||    47
  Use: Potion            |     4 |     1 ||     5
       Scroll            |     3 |       ||     3
  Eat: Chunk             |     3 |       ||     3
Armor: Scale mail        |    39 |    11 ||    50
Dodge: Dodged            |    20 |     2 ||    22
Block: Shield            |    50 |    16 ||    66
       Rpst.: Long sword |     4 |     1 ||     5
